 Dungeon Crawl Stone Soup version 0.28.0-53-g5a82cb258f (webtiles) character file.

Game seed: 14507453715870893899

1 Goaboa the Caller (level 1, 9/9 HPs)
             Began as a Vine Stalker Summoner on Apr 24, 2022.
             Quit the game on level 1 of the Dungeon on Aug 22, 2022.
             The game lasted 00:02:31 (41 turns).

Goaboa the Caller (Vine Stalker Summoner)             Turns: 41, Time: 00:02:31

Health: 9/9        AC:  2    Str: 10    XL:     1   Next: 20%
Magic:  4/4        EV: 12    Int: 15    God:
Gold:   3          SH:  0    Dex: 14    Spells: 3/4 levels left

rFire   . . .      SeeInvis .   (no weapon)
rCold   . . .      Faith    .   (no shield)
rNeg    . . .      Spirit   +   a - +0 robe
rPois   .          Reflect  .   (no helmet)
rElec   .          Harm     .   (no cloak)
rCorr   .          Rampage  .   (no gloves)
Will    .....                   (no boots)
Stlth   ++........              (no amulet)
HPRegen 0.03/turn               (no ring)
MPRegen 0.09/turn               (no ring)

@: no status effects
A: fangs 2, magic shield, antimagic bite, no potion heal 2
a: no special abilities


You were on level 1 of the Dungeon.
You visited 1 branch of the dungeon, and saw 1 of its levels.

You collected 3 gold pieces.

Inventory:

Armour
 a - a +0 robe (worn)


   Skills:
 + Level 1.5 Dodging
 + Level 2.4 Stealth
 + Level 2.3 Spellcasting
 + Level 4.0 Summonings


You had 3 spell levels left.
You knew the following spells:

 Your Spells              Type           Power      Damage    Failure   Level
a - Summon Small Mammal   Summ           52%        N/A       4%          1

Your spell library contained the following spells:

 Spells                   Type           Power      Damage    Failure   Level
 Call Imp                 Summ           13%        N/A       6%          2
 Call Canine Familiar     Summ           13%        N/A       13%         3
 Summon Guardian Golem    Hex/Summ       7%         N/A       28%         3
 Summon Lightning Spire   Summ/Air       7%         N/A       67%         4


Dungeon Overview and Level Annotations

Branches:
Dungeon (1/15)

Altars:


Innate Abilities, Weirdness & Mutations

You have extremely sharp teeth.
When hurt, damage is shared between your health and your magic reserves.
Your bite disrupts and absorbs the magic of your enemies.
Potions cannot restore your health.


Message History

Found a staircase leading out of the dungeon.
Okay, then.
There is a fountain of clear blue water here.
You open the large door.
Found a stone staircase leading down.
There is a large open door here.
There is a large open door here.
An endoplasm comes into view.
An endoplasm is nearby!
An endoplasm is nearby!
A kobold comes into view. It is wielding a +0 club.
The endoplasm quivers.
The endoplasm hits you but does no damage.
You hit the endoplasm. You punch the endoplasm. You bite the endoplasm.
You kill the endoplasm!
No target in view!
No target in view!
No target in view!
No target in view!
You now have 3 gold pieces.
Found a plate armour.
A frilled lizard comes into view.
The frilled lizard hisses angrily.
A frilled lizard is nearby!
You swing at nothing.
Welcome back, Goaboa the Vine Stalker Summoner.
Press ? for a list of commands and other information.
Unknown command.
Are you sure you want to abandon this character and quit the game? (Confirm with "yes".)
Okay, then.
Unknown command.
Unknown command.
Unknown command.
Unknown command.
Unknown command.
Are you sure you want to abandon this character and quit the game? (Confirm with "yes".)
Okay, then.
Are you sure you want to abandon this character and quit the game? (Confirm with "yes".)
Okay, then.
Are you sure you want to abandon this character and quit the game? (Confirm with "yes".)

#.#####...##.## ....
.........##...##..#
#.#####.....8.....##
#.............
#.............
##.##..#.##.#
...###.# ..
#.#.###.#.#..#.
#......@.......
..#.####.....#.
.....# ..[..# .....#
....... ....l#.
......


You could see a frilled lizard.

Vanquished Creatures
  An endoplasm (D:1)
1 creature vanquished.

Notes
Turn   | Place    | Note
-------+----------+-------------------------------------------
     0 | D:1      | Goaboa the Vine Stalker Summoner began the quest for the
                  | Orb.
     0 | D:1      | Reached XP level 1. HP: 9/9 MP: 4/4
    41 | D:1      | Upgraded the game from 0.28.0-45-g0d030f2227 to
                  | 0.28.0-53-g5a82cb258f
    41 | D:1      | Quit the game

Illustrated notes

Levels and vault maps discovered:
D:1:      grunt_arrival_crossed_arrows, layout_basic, minmay_misc_feat_iff

Action                   || total
-------------------------++-------
Melee: Unarmed           ||     1
       Punch             ||     1
       Bite              ||     1
Armor: Robe              ||     1
